 Dungeon Crawl Stone Soup version 0.32-a0-995-gb4a59205af (webtiles) character file.

Game seed: 6292612134350672079

4220 protoss039 the Trooper (level 10, -3/80 HPs)
             Began as a Demonspawn Earth Elementalist on Apr 22, 2024.
             Was an Initiate of Vehumet.
             Slain by Erica
             ... wielding a +0 scimitar of flaming
              (5 damage)
             ... on level 8 of the Dungeon.
             The game lasted 00:22:56 (10529 turns).

protoss039 the Trooper (DsEE)                      Turns: 10529, Time: 00:22:57

Health: -3/80      AC:  7    Str:  9    XL:     10   Next: 9%
Magic:  9/20       EV:  7    Int: 19    God:    Vehumet [......]
Gold:   375        SH:  0    Dex: 18    Spells: 12/23 levels left

rFire   . . .        a - +1 dagger (venom)
rCold   . . .        (no shield)
rNeg    . . .        L - +0 robe of the Pits of Slime {rPois rCorr}
rPois   +            (no helmet)
rElec   .            (no cloak)
rCorr   +            (no gloves)
SInv    .            x - +0 pair of boots
Will    .....        (no amulet)
Stlth   ++++         m - +4 ring of protection
HPRegen 0.33/turn    n - +5 ring of evasion
MPRegen 0.17/turn

%: no passive effects
@: very slightly contaminated, slowed, constricted, very slow
A: thin skeletal structure 2, powered by death 1, condensation shield, weakness
stinger 2
a: Renounce Religion


You were on level 8 of the Dungeon.
You worshipped Vehumet.
Vehumet was noncommittal.
You visited 2 branches of the dungeon, and saw 9 of its levels.
You also visited: Bailey.

You collected 375 gold pieces.

Inventory:

Hand Weapons
 a - a +1 dagger of venom (weapon)
Armour
 d - a +0 robe of willpower
 x - a +0 pair of boots (worn)
 L - the +0 robe of the Pits of Slime (worn) {rPois rCorr}
   (You found it in a bailey)

   rPois:     It protects you from poison.
   rCorr:     It protects you from acid and corrosion.
Magical Staves
 p - a staff of air
Jewellery
 m - a +4 ring of protection (left hand)
 n - a +5 ring of evasion (right hand)
 q - a +5 ring of evasion
 z - a ring of ice
 M - a +4 ring of protection
Wands
 f - a wand of charming (8)
 B - a wand of flame (22)
 J - a wand of mindburst (9)
Scrolls
 g - 4 scrolls of revelation
 i - a scroll of identify
 o - a scroll of fear
 s - a scroll of brand weapon {unknown}
 t - a scroll of summoning
 u - 3 scrolls of immolation
 v - 2 scrolls of enchant armour
 w - 2 scrolls of teleportation
 y - a scroll of torment {unknown}
 A - a scroll of enchant weapon {unknown}
 D - a scroll of poison {unknown}
 G - a scroll of acquirement {unknown}
 H - 2 scrolls of fog {unknown}
 I - a scroll of amnesia {unknown}
 K - a scroll of silence {unknown}
Potions
 b - 3 potions of magic
 c - 5 potions of heal wounds
 e - a potion of curing {unknown}
 h - a potion of might {unknown}
 j - 2 potions of attraction
 k - 3 potions of brilliance
 l - 5 potions of resistance
 r - a potion of mutation {unknown}
 C - 3 potions of invisibility
 E - a potion of ambrosia {unknown}
 F - a potion of enlightenment


   Skills:
 + Level 7.7 Fighting
 - Level 3.0 Armour
 - Level 3.0 Dodging
 - Level 3.0 Stealth
 + Level 7.2 Spellcasting
 + Level 3.3 Conjurations
 + Level 7.5 Earth Magic


You had 12 spell levels left.
You knew the following spells:

 Your Spells              Type           Power      Damage    Failure   Level
a - Sandblast             Erth           70%        2d15      1%          1
b - Passwall              Erth           35%        N/A       1%          3
c - Stone Arrow           Conj/Erth      54%        3d10      3%          3
d - Brom's Barrelling Bo  Conj/Erth      27%        2d5       11%         4

Your spell library contained the following spells:

 Spells                   Type           Power      Damage    Failure   Level
 Magic Dart               Conj           76%        1d6       2%          1
 Blink                    Tloc           12%        N/A       16%         2
 Call Imp                 Summ           12%        N/A       16%         2
 Lesser Beckoning         Tloc           12%        N/A       16%         2
 Petrify                  Alch/Erth      21%        N/A       21%         4
 Fugue of the Fallen      Necr           6%         N/A       30%         3
 Maxwell's Portable Pile  Tloc           6%         2d(5-15)  30%         3
 Ozocubu's Armour         Ice            6%         N/A       30%         3
 Teleport Other           Tloc           6%         N/A       30%         3
 Manifold Assault         Tloc           3%         N/A       100%        7


Dungeon Overview and Level Annotations

Branches:
Dungeon (8/15) Zot: 26176  Temple (1/1) D:7 Zot: 5961  Bailey (visited)
   Lair: D:8-11

Altars:
Ashenzari
Cheibriados
Dithmenos
Fedhas
Hepliaklqana
Kikubaaqudgha
Okawaru
Qazlal
Ru
Trog
Vehumet
Wu Jian
Xom
Yredelemnul

Annotations:
D:8 Erica


Innate Abilities, Weirdness & Mutations

You have a moderately thin skeletal structure. (Dex +4, Stealth++)
You regenerate a little health from kills.
A meltable shield of frost defends you. (SH +0)
You have a tail ending in a sharp stinger.


Message History

Aiming: Stone Arrow (mildly dangerous; 3% risk of failure)
Press: ? - help, Shift-Dir - straight line Something hits you!
Something burns you.
You are constricted.
Unknown command.
Casting: Stone Arrow (mildly dangerous; 3% risk of failure)
Confirm with . or Enter, or press ? or * to list all spells.
Aiming: Stone Arrow (mildly dangerous; 3% risk of failure)
Press: ? - help, Shift-Dir - straight line You hear some strange, mumbled words.
A bolt of poison appears from out of thin air!
The bolt of poison hits you! You resist.
You are constricted.
Something hits you.
* * * LOW HITPOINT WARNING * * *
Something burns you.
* * * LOW HITPOINT WARNING * * *
You are constricted.
Unknown command.
Casting: Stone Arrow (mildly dangerous; 3% risk of failure)
Confirm with . or Enter, or press ? or * to list all spells.
Aiming: Stone Arrow (mildly dangerous; 3% risk of failure)
Press: ? - help, Shift-Dir - straight line The stone arrow hits something!
Something hits you!
* * * LOW HITPOINT WARNING * * *
Something burns you.
* * * LOW HITPOINT WARNING * * *
You are constricted.
* * * LOW HITPOINT WARNING * * *
Unknown command.
Casting: Stone Arrow (mildly dangerous; 3% risk of failure)
Confirm with . or Enter, or press ? or * to list all spells.
Aiming: Stone Arrow (mildly dangerous; 3% risk of failure)
Press: ? - help, Shift-Dir - straight line Something hits you.
* * * LOW HITPOINT WARNING * * *
Something burns you.
* * * LOW HITPOINT WARNING * * *
You are constricted.
* * * LOW HITPOINT WARNING * * *
Something hits you.
You die...

##.....##.
##.......... .
#........... .#
#.......... .#
#.......... .#
#.......### .###
#..{?.....## ....§#
#..@.......# .# §#
##.......... .# .+
###......#... .###≈#
#...#.#### ###.§#
#.....# ##.§≈#
#....## ##..§##
##....#
...§§≈######.....##.
.....................


There were no monsters in sight!

Vanquished Creatures
  A gargoyle (Bailey)
  Grinder (D:5)
  Sigmund (D:6)
  A vampire (Bailey)
  A black bear (D:5)
  2 ice beasts
  2 orc warriors (D:7)
  2 ogres
  2 centaurs
  A kobold brigand (D:8)
  5 scorpions
  A gnoll sergeant (D:8)
  5 wights (D:7)
  8 vampire bats (Bailey)
  6 wolf zombies (Bailey)
  2 jellies
  2 orc priests
  3 hounds
  Jessica (D:2)
  A sleepcap (D:6)
  Ijyb (D:5)
  15 orc wizards
  Natasha (thrice) (D:3)
  7 iguanas
  11 gnolls
  4 adders
  A shadow imp (D:5)
  A white imp (D:5)
  6 ufetubi (D:6)
  A dart slug (D:3)
  37 orcs
  4 endoplasms
  4 giant cockroaches
  9 goblins
  4 hobgoblins
  7 jackals
  10 kobolds
  5 quokkas
  5 ball pythons
  9 bats
  A frilled lizard (D:1)
  19 orc zombies (Bailey)
  9 rats
221 creatures vanquished.

Vanquished Creatures (collateral kills)
  An orc (D:7)
1 creature vanquished.

Vanquished Creatures (others)
  A sky beast (D:6)
  An orc wizard (D:6)
2 creatures vanquished.

Grand Total: 224 creatures vanquished

Notes
Turn   | Place    | Note
-------+----------+-------------------------------------------
     0 | D:1      | protoss039 the Demonspawn Earth Elementalist began the
                  | quest for the Orb.
     0 | D:1      | Reached XP level 1. HP: 13/13 MP: 3/3
   301 | D:1      | Gained mutation: You regenerate a little health from kills.
                  | [demonic ancestry]
   301 | D:1      | Reached XP level 2. HP: 20/20 MP: 0/5
   554 | D:1      | Reached skill level 1 in Fighting
   878 | D:1      | Found a faded altar of an unknown god.
   985 | D:2      | Reached XP level 3. HP: 23/26 MP: 3/6
  1859 | D:2      | Noticed Jessica
  1863 | D:2      | Killed Jessica
  1864 | D:2      | Gained mutation: You have a somewhat thin skeletal
                  | structure. (Dex +2, Stealth+) [demonic ancestry]
  1864 | D:2      | Reached XP level 4. HP: 33/33 MP: 3/8
  2116 | D:2      | Learned a level 3 spell: Passwall
  2120 | D:2      | Learned a level 3 spell: Stone Arrow
  2195 | D:3      | Noticed Natasha
  2200 | D:3      | Killed Natasha
  2275 | D:3      | Noticed Natasha
  2310 | D:3      | Killed Natasha
  2311 | D:3      | Gained mutation: You have a moderately thin skeletal
                  | structure. (Dex +4, Stealth++) [demonic ancestry]
  2311 | D:3      | Reached XP level 5. HP: 37/39 MP: 4/9
  2447 | D:3      | Noticed Natasha
  2452 | D:3      | Killed Natasha
  2796 | D:4      | Noticed an ogre
  2860 | D:4      | Killed an ogre
  2861 | D:4      | Gained mutation: You have a small tail. [demonic ancestry]
  2861 | D:4      | Reached XP level 6. HP: 24/46 MP: 4/10
  2969 | D:4      | Reached skill level 1 in Armour
  3196 | D:4      | Found a blossoming altar of Fedhas.
  3587 | D:5      | Entered Level 5 of the Dungeon
  3993 | D:5      | Reached XP level 7. HP: 52/52 MP: 8/12
  4495 | D:5      | Noticed Ijyb
  4557 | D:5      | Noticed Grinder
  4559 | D:5      | Paralysed by Grinder for 3 turns
  4566 | D:5      | Killed Grinder
  4694 | D:5      | Killed Ijyb
  4695 | D:5      | Reached XP level 8. HP: 60/60 MP: 4/14
  5659 | D:6      | Noticed Sigmund
  5661 | D:6      | Killed Sigmund
  5662 | D:6      | Reached skill level 5 in Earth Magic
  5836 | D:6      | Reached skill level 5 in Fighting
  5877 | D:6      | Reached skill level 5 in Spellcasting
  6476 | D:6      | Gained mutation: A meltable shield of frost defends you.
                  | (SH +0) [demonic ancestry]
  6476 | D:6      | Reached XP level 9. HP: 69/69 MP: 12/17
  7381 | D:7      | Found a flagged portal.
  7476 | Bailey   | Entered a bailey
  7483 | Bailey   | Learned a level 4 spell: Brom's Barrelling Boulder
  8648 | Bailey   | Noticed a gargoyle
  8657 | Bailey   | Killed a gargoyle
  8918 | Bailey   | Identified the +0 robe of the Pits of Slime {rPois rCorr}
  9273 | D:7      | Found a broken altar of Ashenzari.
  9275 | D:7      | Found a sacrificial altar of Ru.
  9604 | D:7      | Found a staircase to the Ecumenical Temple.
  9621 | Temple   | Entered the Ecumenical Temple
  9640 | Temple   | Became a worshipper of Vehumet
  9928 | D:8      | Gained mutation: You have a tail ending in a sharp stinger.
                  | [demonic ancestry]
  9928 | D:8      | Reached XP level 10. HP: 79/79 MP: 16/20
 10516 | D:8      | Noticed Erica
 10529 | D:8      | HP: 2/80 [something (3)]
 10529 | D:8      | Slain by Erica

Illustrated notes

Levels and vault maps discovered:
D:1:      minmay_arrival_diagonal_passages, layout_loops_ring,
          shapermc_ecumenical_altar_mp_ritualfount, serial_bayou_pond_a
D:2:      layout_loops_corners, serial_bayou, serial_bayou_shore_a,
          serial_bayou_pond_e, serial_bayou_pond_d, serial_bayou_lagoon_b,
          minmay_rat_gold_closets, uniq_jessica
D:3:      layout_basic, uniq_natasha
D:4:      layout_basic, mainiacjoe_overflow_surrounded_room
D:5:      layout_layer_cave, amcnicky_altar_gilded, chequers_jeans, uniq_ijyb,
          uniq_grinder
D:6:      layout_gridville, hangedman_decor_clover_reticule, uniq_sigmund
D:7:      layout_basic, chequers_temple_overflow_statue_of_worship,
          minmay_temple_entry_overgrown, enter_bailey_3
D:8:      layout_rooms, jmf_multi_god_temple2, lightli_temple_of_fire,
          nrook_mini_backslash, uniq_erica
Temple:   oiseaux_autumnal_temple

Skill      XL: |  1  2  3  4  5  6  7  8  9 |
---------------+----------------------------+-----
Fighting       | 1 2 3 4 5 7 |  7.7
Earth Magic    | 3 4 5 7 |  7.5
Spellcasting   | 3 4 5 7 |  7.2
Dodging        | 2 3 |  3.0
Stealth        | 2 3 |  3.0
Armour         | 1 2 3 |  3.0
Conjurations   | 2 3 |  3.3

Action                     |  1- 3 |  4- 6 |  7- 9 | 10-12 || total
---------------------------+-------+-------+-------+-------++-------
  Melee: Dagger            |     6 |    15 |    61 |       ||    82
         Unarmed           |     1 |       |       |       ||     1
         Tailslap          |       |     1 |    10 |       ||    11
   Cast: Sandblast         |    55 |    84 |   111 |    11 ||   261
         Stone Arrow       |       |     3 |   142 |    32 ||   177
         Passwall          |       |       |     2 |       ||     2
         Brom's Barrelling |       |       |     1 |       ||     1
  Evoke: Wand              |       |       |     4 |       ||     4
    Use: Scroll            |       |     4 |     6 |     2 ||    12
         Potion            |       |       |     1 |     1 ||     2
   Stab: Distracted        |       |       |     1 |       ||     1
 Armour: Robe              |    16 |    25 |   129 |    22 ||   192
  Dodge: Dodged            |    14 |    53 |   180 |    11 ||   258
  Block: Other             |       |       |    20 |     4 ||    24

Table legend: (Time is in decaauts)
 A = Elapsed time spent in this place.
 B = Non-inter-level travel time spent in this place.
 C = Inter-level travel time spent in this place.
 D = Time resting spent in this place.
 E = Time spent auto-exploring this place.
 F = Levels seen in this place.
 G = Mean time per level.
                   A        B        C        D        E       F      G
               +--------+--------+--------+--------+--------+-----+--------+
         Total |  10692 |  10332 |    360 |   3120 |   5018 |  10 | 1069.2 |
       Dungeon |   9113 |   8789 |    324 |   1983 |   4983 |   8 | 1139.1 |
        Temple |     38 |      2 |     36 |      0 |      0 |   1 |   38.0 |
        Bailey |   1539 |   1539 |      0 |   1137 |     35 |   1 | 1539.0 |
               +--------+--------+--------+--------+--------+-----+--------+

Top non-repeatable levels by time:
     D:5: 2057 daAuts
  Bailey: 1539 daAuts
     D:6: 1410 daAuts
     D:7: 1365 daAuts
     D:2: 1181 daAuts
     D:1: 996 daAuts
     D:4: 839 daAuts
     D:3: 759 daAuts
     D:8: 502 daAuts
  Temple: 38 daAuts
